 Dungeon Crawl Stone Soup version 0.30-a0-629-gd54f4be4f7 (webtiles) character file.

Game seed: 10962857946790899863

6 kae the Conjurer (level 1, 0/14 HPs)
             Began as a Draconian Conjurer on Jan 12, 2023.
             Killed from afar by a dart slug (2 damage)
             ... with a slug dart
             ... on level 1 of the Dungeon.
             The game lasted 00:00:44 (202 turns).

kae the Conjurer (Draconian Conjurer)                Turns: 202, Time: 00:00:45

Health: 0/14       AC:  4    Str:  9    XL:     1   Next: 75%
Magic:  3/3        EV: 12    Int: 18    God:
Gold:   30         SH:  0    Dex:  9    Spells: 3/4 levels left

rFire   . . .      SeeInvis .    (no weapon)
rCold   . . .      Faith    .    (no shield)
rNeg    . . .      Spirit   .    (body armour unavailable)
rPois   .          Reflect  .    (helmet restricted)
rElec   .          Harm     .    (no cloak)
rCorr   .          Rampage  .    (no gloves)
Will    .....                    (no boots)
Stlth   ++                       (no amulet)
HPRegen 0.22/turn                (no ring)
MPRegen 0.08/turn                (no ring)

@: no status effects
A: AC +4, unfitting armour, cold-blooded
a: no special abilities


You were on level 1 of the Dungeon.
You visited 1 branch of the dungeon, and saw 1 of its levels.

You collected 30 gold pieces.


Innate Abilities, Weirdness & Mutations

Your plain brown scales are hard. (AC +4)
You cannot fit into any form of body armour.
You are cold-blooded and may be slowed by cold attacks.


   Skills:
 - Level 1.7 Dodging
 - Level 1.7 Stealth
 + Level 2.1 Spellcasting
 * Level 4.2 Conjurations


You had 3 spell levels left.
You knew the following spells:

 Your Spells              Type           Power      Damage    Failure   Level
a - Magic Dart            Conj           68%        1d6       3%          1

Your spell library contained the following spells:

 Spells                   Type           Power      Damage    Failure   Level
 Searing Ray              Conj           34%        2d5       4%          2
 Dazzling Flash           Conj/Hex       18%        N/A       22%         3
 Fulminant Prism          Conj/Hex       4%         3d5       58%         4
 Iskenderun's Mystic Bla  Conj/Tloc      9%         2d4       58%         4

Inventory:

Scrolls
 c - a scroll of identify {unknown}
 d - a scroll of fear {unknown}
Potions
 a - a potion of magic
 b - 2 potions of curing {unknown}

Dungeon Overview and Level Annotations

Branches:
Dungeon (1/15) Zot: 5797

Altars:

#.### ##...## #.###.# #...#
##.....## #.##..# ###.##
##.......###.##.##
#####...####.........##.#...###.#
...........+.........'..........#
#####...####......)..####...#####
###...## ##.......## ##.##
##...### ##.....## #.# #..#.#
##.@.## #.# .....## ##)## ...
...#..## #w# #.. ..#.#..######
#.# ##.# .#...#......# #.#
#.....#####.# ... .........#..#
... ........#..####...
...<....#........


You could see a dart slug.


Message History

You take 3 damage, and now have 11/14 hp.
MASSIVE DAMAGE!! (PAUSE)
A hobgoblin is nearby!
You hit the hobgoblin but do no damage. You tail-slap the hobgoblin.
You kill the hobgoblin!
No target in view! 😕 HP[+1]
A ball python comes into view. 😎 HP[+2] MP[+1]
Your hp is fully restored (14).
Your mp is fully restored (3).
A ball python is nearby!
You hit the ball python.
The ball python bites you but does no damage.
The ball python closely misses you.
You hit the ball python. The ball python barely misses you.
The ball python grabs you. The ball python constricts you.
Casting: Magic Dart (safe; 3% risk of failure)
Confirm with . or Enter, or press ? or * to list all spells.
Aiming: Magic Dart (safe; 3% risk of failure)
Press: ? - help, Shift-Dir - straight line, f - ball python
Aim: a ball python (severely wounded, constricting you, 100% to hit)
The magic dart hits the ball python.
You kill the ball python!
No target in view!
No target in view!
You now have 24 gold pieces (gained 14).
You open the door.
A kobold comes into view.
It is wielding a +1 short sword of speed.
The kobold shouts!
There is an open door here.
A kobold is nearby!
A kobold is nearby!
Unknown command.
A kobold is nearby!
Casting: Magic Dart (safe; 3% risk of failure)
Confirm with . or Enter, or press ? or * to list all spells.
Aiming: Magic Dart (safe; 3% risk of failure)
Press: ? - help, Shift-Dir - straight line, f - kobold
Aim: a kobold, wielding a +1 short sword of speed (100% to hit)
The magic dart hits the kobold. 😎 MP[-1]
You lost 1 mp, and now have 2/3 mp.
You hit the kobold. The kobold barely misses you.
You hit the kobold.
You kill the kobold!
You see here a +1 short sword of speed.
No target in view!
No target in view!
You now have 30 gold pieces (gained 6).
You open the door.
A kobold and a dart slug come into view.
The kobold shouts!
Unknown command.
There are monsters nearby!
There are monsters nearby!
There are monsters nearby!
You hit the kobold but do no damage. The kobold barely misses you.
You miss the kobold. The kobold barely misses you.
There are monsters nearby!
You closely miss the kobold. The kobold hits you with a +0 whip.
You barely miss the kobold.
The kobold closely misses you. 😕 HP[-3] MP[+1]
You take 3 damage, and now have 11/14 hp.
MASSIVE DAMAGE!! (PAUSE)
Your mp is fully restored (3).
You hit the kobold. The kobold hits you with a +0 whip.
You closely miss the kobold. The kobold closely misses you. 😮 HP[-1]
You take 1 damage, and now have 10/14 hp.
You closely miss the kobold. The kobold hits you with a +0 whip.
You are too injured to fight recklessly! 😮 HP[-2]
You take 2 damage, and now have 8/14 hp.
You are too injured to fight recklessly!
You are too injured to fight recklessly!
Unknown command.
You hit the kobold but do no damage. The kobold hits you with a +0 whip.
* * * LOW HITPOINT WARNING * * *
😨 HP[-3]
You take 3 damage, and now have 5/14 hp.
MASSIVE DAMAGE!! (PAUSE)
You hit the kobold but do no damage. The kobold hits you but does no damage.
You hit the kobold but do no damage. The kobold barely misses you.
Unknown command.
You hit the kobold.
Your tail-slap misses the kobold.
The kobold hits you with a +0 whip.
* * * LOW HITPOINT WARNING * * *
😱 HP[-3]
You take 3 damage, and now have 2/14 hp.
MASSIVE DAMAGE!! (PAUSE)
You closely miss the kobold.
Your tail-slap misses the kobold.
The kobold completely misses you.
You closely miss the kobold. The kobold closely misses you.
Unknown command.
You hit the kobold.
You kill the kobold!
The dart slug launches a dart at you. The slug dart hits you.
You die...

Action                   || total
-------------------------++-------
Melee: Unarmed           ||    21
       Tailslap          ||     2
 Cast: Magic Dart        ||     5
Armor: Skin              ||     2
Dodge: Dodged            ||    12

Levels and vault maps discovered:
D:1:      scummos_arrival_star, layout_loops_corners

Notes
Turn   | Place    | Note
-------+----------+-------------------------------------------
     0 | D:1      | kae the Draconian Conjurer began the quest for the Orb.
     0 | D:1      | Reached XP level 1. HP: 14/14 MP: 3/3
     0 | D:1      | magus.rc [v1.11.3]
   199 | D:1      | HP: 2/14 [kobold/+0 whip (4)]
   202 | D:1      | Killed from afar by a dart slug

Vanquished Creatures
  2 ball pythons (D:1)
  A goblin (D:1)
  A hobgoblin (D:1)
  2 kobolds (D:1)
6 creatures vanquished.

Table legend:
 A = Non-vault XP
 B = Vault XP
 C = Vault XP percentage of total XP
 D = Non-vault monster count
 E = Vault monster count
 F = Vault count percentage of total count
                 A         B        C        D         E       F
            +---------+---------+-------+---------+---------+-------
      Total |      11 |       0 |   0.0 |       6 |       0 |   0.0
            +---------+---------+-------+---------+---------+-------
        D:1 |      11 |       0 |   0.0 |       6 |       0 |   0.0
            +---------+---------+-------+---------+---------+-------

Illustrated notes

Table legend:
 A = Kills in this place as a percentage of kills in entire the game.
 B = Kills by you in this place as a percentage of kills by you in the entire game.
 C = Kills by friends in this place as a percentage of kills by friends in the entire game.
 D = Other kills in this place as a percentage of other kills in the entire game.
 E = Experience gained in this place as a percentage of experience gained in the entire game.
 F = Experience gained in this place divided by the number of levels of this place that you have seen.
                   A       B       C       D       E      F
               +-------+-------+-------+-------+-------+----------------------
         Total | 100.0 | 100.0 |   N/A |   N/A | 100.0 |  11.0
       Dungeon | 100.0 | 100.0 |   N/A |   N/A | 100.0 |  11.0
               +-------+-------+-------+-------+-------+----------------------

Table legend: (Time is in decaauts)
 A = Elapsed time spent in this place.
 B = Non-inter-level travel time spent in this place.
 C = Inter-level travel time spent in this place.
 D = Time resting spent in this place.
 E = Time spent auto-exploring this place.
 F = Levels seen in this place.
 G = Mean time per level.
                   A        B        C        D        E       F      G
               +--------+--------+--------+--------+--------+-----+--------+
         Total |    202 |    202 |      0 |      0 |    155 |   1 |  202.0 |
       Dungeon |    202 |    202 |      0 |      0 |    155 |   1 |  202.0 |
               +--------+--------+--------+--------+--------+-----+--------+

Top non-repeatable levels by time:
     D:1: 202 daAuts
